 Dungeon Crawl Stone Soup version 0.29.1-4-g47bece8355 (webtiles) character file.

Game seed: 4475744484566921583

11368 sanboga the Severer (level 11, -2/91 HPs)
             Began as a Minotaur Monk on Dec 6, 2022.
             Was a Believer of Hepliaklqana.
             Slain by a cyan ugly thing (15 damage)
             ... on level 10 of the Dungeon.
             The game lasted 00:11:10 (10931 turns).

sanboga the Severer (Minotaur Monk)                Turns: 10931, Time: 00:11:11

Health: -2/91      AC: 18    Str: 19    XL:     11   Next: 48%
Magic:  9/10       EV:  8    Int:  7    God:    Hepliaklqana [**....]
Gold:   383        SH:  0    Dex: 14    Spells: 10/10 levels left

rFire   . . .      SeeInvis .   a - +4 battleaxe
rCold   . . .      Faith    .   (shield currently unavailable)
rNeg    . . .      Spirit   .   g - +0 plate armour
rPois   +          Reflect  .   (helmet restricted)
rElec   .          Harm     .   D - +0 cloak
rCorr   .          Rampage  .   (no gloves)
Will    .....                   (no boots)
Stlth   ..........              (no amulet)
HPRegen 0.25/turn               f - +4 ring of slaying
MPRegen 0.12/turn               A - ring of poison resistance

@: studying Armour
A: reduced essence, horns 2, retaliatory headbutt
a: Renounce Religion, Recall Ancestor, Ancestor Identity


You were on level 10 of the Dungeon.
You worshipped Hepliaklqana.
Hepliaklqana was pleased with you.
You visited 2 branches of the dungeon, and saw 11 of its levels.

You collected 447 gold pieces.
You spent 64 gold pieces at shops.

Inventory:

Hand Weapons
 a - a +4 battleaxe (weapon)
 b - a +0 war axe
Armour
 g - a +0 plate armour (worn)
 D - a +0 cloak (worn)
Jewellery
 f - a +4 ring of slaying (left hand)
 A - a ring of poison resistance (right hand)
Wands
 j - a wand of flame (25)
 s - a wand of charming (23)
 t - a wand of quicksilver (18)
 B - a wand of mindburst (19)
Scrolls
 d - 3 scrolls of fear {unknown}
 e - 3 scrolls of vulnerability {unknown}
 k - 4 scrolls of teleportation {unknown}
 m - a scroll of butterflies {unknown}
 n - 2 scrolls of silence {unknown}
 o - 4 scrolls of amnesia {unknown}
 u - a scroll of blinking {unknown}
 v - 4 scrolls of immolation {unknown}
 x - 2 scrolls of poison {unknown}
 C - a scroll of magic mapping
Potions
 c - a potion of ambrosia
 h - 2 potions of haste
 i - 2 potions of curing
 l - 3 potions of resistance
 p - 2 potions of mutation
 r - 2 potions of heal wounds
 w - 2 potions of magic {unknown}
 y - 4 potions of lignification {unknown}
 z - a potion of might
 E - a potion of cancellation {unknown}


   Skills:
 + Level 11.5 Fighting
 * Level 15.6 Axes
 + Level 14.2 Armour
 - Level 3.2 Dodging
 - Level 1.5 Stealth


You had 10 spell levels left.
You didn't know any spells.
Your spell library contained the following spells:

 Spells                   Type           Power      Damage    Failure   Level
 Sublimation of Blood     Necr           0%         N/A       100%        2
 Wereblood                Tmut           0%         N/A       100%        2
 Ignite Poison            Fire/Tmut/Pois 0%         N/A       100%        3
 Inner Flame              Hex/Fire       0%         N/A       100%        3
 Mephitic Cloud           Conj/Pois/Air  0%         N/A       100%        3
 Cause Fear               Hex            0%         N/A       100%        4
 Fireball                 Conj/Fire      0%         3d3       100%        5
 Freezing Cloud           Conj/Ice/Air   0%         6-21      100%        5
 Iskenderun's Battlesphe  Conj           0%         2d6       100%        5
 Conjure Ball Lightning   Conj/Air       0%         3x3d6     100%        6
 Orb of Destruction       Conj           0%         9d5       100%        7
 Summon Hydra             Summ           0%         N/A       100%        7
 Discord                  Hex            0%         N/A       100%        8


Dungeon Overview and Level Annotations

Branches:
Dungeon (10/15)            Temple (1/1) D:5            Lair (0/5) D:8
    Orc: D:9-12

Altars:
Ashenzari
Cheibriados
Dithmenos
Elyvilon
Fedhas
Gozag
Hepliaklqana
Kikubaaqudgha
Makhleb
Nemelex Xobeh
Okawaru
Qazlal
Ru
Sif Muna
Trog
Uskayaw
Vehumet
Wu Jian
Xom
Yredelemnul
Zin
The Shining One

Shops:
D:4 (   D:8 *

Annotations:
D:10 2 runed translucent doors


Innate Abilities, Weirdness & Mutations

Your life essence is reduced to manifest your ancestor. (-10% HP)
You have a pair of horns on your head.
You reflexively headbutt those who attack you in melee.


Message History

The cyan ugly thing pecks Accountant!
Accountant is destroyed!
You slice the meliai!!
You kill the meliai!
You can no longer swap creatures with your ancestor.
The tengu conjurer blocks your attack.
Your headbutt misses the tengu conjurer.
You hit the cyan ugly thing.
The tengu conjurer gestures wildly while chanting.
The tengu conjurer conjures a globe of magical energy!
The cyan ugly thing pecks you but does no damage.
A battlesphere comes into view.
You closely miss the cyan ugly thing.
Your headbutt misses the cyan ugly thing.
The cyan ugly thing is lightly wounded.
You closely miss the tengu conjurer.
The cyan ugly thing pecks you but does no damage.
The tengu conjurer hits you but does no damage.
The tengu conjurer pecks you but does no damage.
The tengu conjurer claws you but does no damage.
You slash the cyan ugly thing!
The cyan ugly thing is moderately wounded.
You miss the tengu conjurer. You slash the battlesphere!
You slash the cyan ugly thing! You headbutt the cyan ugly thing.
The cyan ugly thing is heavily wounded.
You miss the tengu conjurer.
The tengu conjurer hits you but does no damage.
The tengu conjurer pecks you but does no damage.
The tengu conjurer completely misses you.
The cyan ugly thing pecks you but does no damage.
You slash the cyan ugly thing!
The cyan ugly thing is severely wounded.
You hit the tengu conjurer.
The tengu conjurer hits you but does no damage.
The tengu conjurer barely misses you.
The tengu conjurer claws you but does no damage.
The cyan ugly thing pecks you!
* * * LOW HITPOINT WARNING * * *
The cyan ugly thing shocks you!
You die...

...#.# #.# #.####
.8...# #.# #.#
...### #.# #.#
..########## #[#
#.# ..#........#
##.# ######.#
.#########.#
#.####....#...# .#
#.# ###.......#####
†## #.# #)u†.?....
..# ######.#####@##
..###...##.##.#Q..#
...##..<##.##††(.##
.8.'....##.#..#*##
...#.......#..###
### #.####.#.###..#
..# #.# #.#..#...#
#.# ..# #.#.##...#
#.# ### #.#.##...#
#.#


You could see a cyan ugly thing (drained), a tengu conjurer and a battlesphere.

Vanquished Creatures
  A hydra (D:10)
  A boulder beetle (D:10)
  An ogre mage (D:10)
  A centaur warrior (D:9)
  A two-headed ogre (D:10)
  A cyclops (D:10)
  Joseph (D:7)
  2 freezing wraiths (D:10)
  A komodo dragon (D:10)
  A meliai (D:10)
  2 trolls
  A hornet (D:10)
  Prince Ribbit (D:6)
  Sigmund (D:6)
  A wyvern (D:9)
  A wraith (D:9)
  3 yaks (D:9)
  Eustachio (D:6)
  A steam dragon (D:9)
  Menkaure (D:5)
  Edmund (D:6)
  An acid dragon (D:10)
  A sky beast (D:8)
  An orc warrior (D:8)
  3 black bears
  3 ogres
  A centaur (D:6)
  A kobold brigand (D:7)
  3 bullfrogs
  3 necrophages
  A gnoll sergeant (D:5)
  3 scorpions
  3 wights (D:9)
  6 killer bees
  7 electric eels
  7 howler monkeys
  8 hounds
  A jelly (D:5)
  2 iguanas
  2 orc wizards
  15 adders
  2 shadow imps (D:6)
  An ufetubus (D:6)
  4 dart slugs
  2 worms (D:3)
  11 orcs
  14 ball pythons
  5 bats
  6 endoplasms
  3 giant cockroaches
  5 goblins
  8 hobgoblins
  4 jackals (D:4)
  3 quokkas
  3 frilled lizards
  15 kobolds
  4 rats (D:1)
187 creatures vanquished.

Vanquished Creatures (collateral kills)
  An ugly thing (D:10)
  A troll (D:10)
  A hornet (D:10)
  A shadow (D:10)
  A yak (D:9)
  A wolf (D:8)
  A centaur (D:9)
  A kobold brigand (D:10)
  An electric eel (D:8)
  An orc priest (D:10)
  An orc (D:8)
11 creatures vanquished.

Vanquished Creatures (others)
  A water moccasin (D:8)
  A wolf (D:8)
  2 hexers (D:10)
  2 orcs (D:8)
  A kobold (D:7)
  A plant (D:4)
8 creatures vanquished.

Grand Total: 206 creatures vanquished

Notes
Turn   | Place    | Note
-------+----------+-------------------------------------------
     0 | D:1      | sanboga the Minotaur Monk began the quest for the Orb.
     0 | D:1      | Reached XP level 1. HP: 19/19 MP: 0/0
   281 | D:1      | Reached skill level 4 in Axes
   281 | D:1      | Reached XP level 2. HP: 27/27 MP: 1/1
   340 | D:1      | Reached skill level 1 in Armour
   974 | D:2      | Reached XP level 3. HP: 33/33 MP: 2/2
  1040 | D:2      | Noticed an ogre
  1049 | D:2      | Killed an ogre
  1050 | D:2      | Reached skill level 5 in Axes
  1050 | D:2      | Reached XP level 4. HP: 41/41 MP: 3/3
  1330 | D:2      | Reached XP level 5. HP: 38/47 MP: 4/4
  2004 | D:3      | Reached skill level 6 in Axes
  2277 | D:3      | Reached skill level 5 in Fighting
  2283 | D:3      | Reached XP level 6. HP: 31/56 MP: 5/5
  2290 | D:3      | HP: 1/56 [orc/+0 mace (6)]
  2526 | D:3      | Found an ancient bone altar of Kikubaaqudgha.
  2532 | D:3      | Found an opulent altar of Gozag.
  2535 | D:3      | Found a glowing golden altar of the Shining One.
  2668 | D:4      | Found a transporter.
  2941 | D:4      | Reached skill level 7 in Axes
  2982 | D:4      | Reached XP level 7. HP: 58/62 MP: 6/6
  2986 | D:4      | Found a transporter.
  3098 | D:4      | Found Lugunlo's Weapon Emporium.
  3312 | D:5      | Entered Level 5 of the Dungeon
  3541 | D:5      | Reached skill level 8 in Axes
  3594 | D:5      | Reached skill level 5 in Armour
  3895 | D:5      | Found a staircase to the Ecumenical Temple.
  3907 | Temple   | Entered the Ecumenical Temple
  4247 | D:5      | Noticed Menkaure
  4252 | D:5      | Killed Menkaure
  4253 | D:5      | Reached XP level 8. HP: 34/71 MP: 7/7
  4504 | D:5      | Reached skill level 9 in Axes
  4961 | D:6      | Noticed Edmund
  4975 | D:6      | Killed Edmund
  5196 | D:6      | Reached skill level 10 in Axes
  5289 | D:6      | Noticed Prince Ribbit
  5309 | D:6      | Killed Prince Ribbit
  5541 | D:6      | Reached XP level 9. HP: 76/81 MP: 8/8
  5580 | D:6      | Noticed Sigmund
  5592 | D:6      | Killed Sigmund
  5671 | D:6      | Noticed Eustachio
  5680 | D:6      | Killed Eustachio
  5681 | D:6      | Reached skill level 11 in Axes
  5906 | D:7      | Noticed Joseph
  5931 | D:7      | Killed Joseph
  6979 | D:8      | Noticed a troll
  6980 | D:8      | Found a staircase to the Lair.
  7001 | D:8      | Reached skill level 12 in Axes
  7001 | D:8      | Reached skill level 10 in Armour
  7005 | D:8      | Killed a troll
  7667 | D:8      | Found Katuh's General Store.
  7672 | D:8      | Bought a potion of might for 64 gold pieces
  7866 | D:9      | Reached XP level 10. HP: 70/91 MP: 9/9
  8014 | D:9      | Noticed a centaur warrior
  8022 | D:9      | Killed a centaur warrior
  8023 | D:9      | Reached skill level 13 in Axes
  8343 | D:9      | Found a hazy altar of Hepliaklqana.
  8348 | D:9      | Became a worshipper of Hepliaklqana the Forgotten
  8348 | D:9      | Reached * piety under Hepliaklqana
  8348 | D:9      | Reached ** piety under Hepliaklqana
  8349 | D:9      | Remembered your ancestor Accountant as a hexer
  8571 | D:9      | Reached skill level 10 in Fighting
  9420 | D:10     | Entered Level 10 of the Dungeon
  9549 | D:10     | Reached skill level 14 in Axes
  9824 | D:10     | Found a large runed translucent door.
  9824 | D:10     | Found a large runed translucent door.
  9827 | D:10     | Noticed a two-headed ogre
  9833 | D:10     | Killed a two-headed ogre
 10013 | D:10     | Noticed an ogre mage
 10019 | D:10     | Found a large runed translucent door.
 10019 | D:10     | Found a large runed translucent door.
 10038 | D:10     | Reached XP level 11. HP: 78/90 MP: 10/10
 10039 | D:10     | Paralysed by a hornet for 3 turns
 10048 | D:10     | Noticed an eight-headed hydra
 10055 | D:10     | Killed a 12-headed hydra
 10289 | D:10     | Paralysed by an ogre mage for 3 turns
 10294 | D:10     | Reached skill level 15 in Axes
 10294 | D:10     | Killed an ogre mage
 10529 | D:10     | Reached *** piety under Hepliaklqana
 10728 | D:10     | Noticed a boulder beetle
 10743 | D:10     | Killed a boulder beetle
 10820 | D:10     | Noticed a green ugly thing
 10825 | D:10     | Killed a green ugly thing
 10918 | D:10     | Noticed a cyan ugly thing
 10924 | D:10     | HP: 2/91 [meliai/divine providence (14)]
 10931 | D:10     | Slain by a cyan ugly thing

Illustrated notes

Levels and vault maps discovered:
D:1:      scummos_arrival_simple_fountains, layout_loops_ring
D:2:      layout_basic, hangedman_decor_growths, minmay_cut_off
D:3:      minmay_evil_eye, layout_rooms, minmay_overflow_temple_star_quad,
          minmay_snake_closets
D:4:      gammafunk_steamed_eel, layout_rooms, serial_shops,
          nicolae_shop_bloodbath_and_beyond
D:5:      layout_basic, minmay_temple_entry_junction,
          minmay_manual_mandibuliform, uniq_menkaure
D:6:      layout_basic, uniq_eustachio, uniq_prince_ribbit1, uniq_edmund,
          uniq_sigmund
D:7:      layout_basic, uniq_joseph
D:8:      layout_basic, erik_lair_island, serial_shops, nicolae_shop_crystal
D:9:      layout_layer_cave, worldfamousw_hep_ancestral_shrine
D:10:     minmay_sliced_demisemicircle, layout_loops_ring, serial_glass,
          glass_columns_c, glass_columns_b, item_on_display_a, st_stairs_6,
          grunt_ministairs_13, minmay_hollow_rounded_squares
Temple:   nicolae_temple_two_arcs

Skill      XL: |  1  2  3  4  5  6  7  8  9 10 11 |
---------------+----------------------------------+-----
Axes           | 4 5 6 7 8 10 12 14 15 | 15.6
Armour         | 1 2 3 4 5 8 10 13 14 | 14.2
Fighting       | 4 5 6 7 9 10 11 | 11.5
Dodging        | |  3.2
Stealth        | |  1.5

Action                   |  1- 3 |  4- 6 |  7- 9 | 10-12 || total
-------------------------+-------+-------+-------+-------++-------
Melee: Hand axe          |    48 |    91 |     2 |       ||   141
       Headbutt          |     2 |    14 |    34 |    23 ||    73
       Punch             |     1 |     1 |     2 |       ||     4
       War axe           |       |       |   145 |     4 ||   149
       Battleaxe         |       |       |    33 |   110 ||   143
Invok: Ancestor Life: He |       |       |       |     1 ||     1
       Ancestor Identity |       |       |       |     1 ||     1
       Transference      |       |       |       |     1 ||     1
Evoke: Wand              |       |     2 |     7 |       ||     9
  Use: Scroll            |       |     6 |     3 |     1 ||    10
       Potion            |       |     2 |     1 |     2 ||     5
 Stab: Sleeping          |       |     1 |       |       ||     1
       Distracted        |       |       |       |     2 ||     2
       Confused          |       |       |       |     2 ||     2
Armor: Ring mail         |    11 |    31 |    11 |       ||    53
       Plate armour      |       |       |    89 |    94 ||   183
       Chain mail        |       |       |     3 |       ||     3
Dodge: Dodged            |    21 |    66 |    81 |    61 ||   229
